 Dungeon Crawl Stone Soup version 0.18.1-8-gdd0e5ea (webtiles) character file.

42 SpecialPurpose the Skirmisher (level 3, -1/29 HPs)
             Began as a Demonspawn Chaos Knight on June 4, 2016.
             Slain by an adder (3 damage)
             ... on level 4 of the Dungeon on June 12, 2016.
             The game lasted 00:08:27 (756 turns).

SpecialPurpose the Skirmisher (DsCK)                 Turns: 756, Time: 00:08:27

Health: -1/29      AC:  8    Str: 13    XL:     3   Next: 33%
Magic:  3/3        EV:  5    Int: 13    God:    Xom [*.....]
Gold:   54         SH:  0    Dex: 12    Spells: 0 memorised, 2 levels left

rFire  . . .     SeeInvis .     a - +0 short sword (chaos)
rCold  . . .     Gourm    .     n - +0 chain mail
rNeg   . . .     Faith    .     (no shield)
rPois  .         Spirit   .     (helmet restricted)
rElec  .         Dismiss  .     (no cloak)
rCorr  .         Reflect  .     (no gloves)
SustAt .         Harm     .     (no boots)
MR     .....                    (no amulet)
Stlth  ..........               (no ring)
                                h - ring of wizardry

@: lethally poisoned (-1 -> -3), very slightly contaminated, drained, not
resistant to hostile enchantments, extremely unstealthy
A: horns 1, rot immunity
a: Renounce Religion


You were on level 4 of the Dungeon.
You worshipped Xom.
You were a special plaything of Xom.
You were not hungry.

You visited 1 branch of the dungeon, and saw 4 of its levels.

You collected 54 gold pieces.

Inventory:

Hand Weapons
 a - a +0 short sword of chaos (weapon)
 g - a +0 hunting sling
 j - a +0 hunting sling
 l - a +0 short sword
 r - a +0 mace
 t - a +0 dagger
Missiles
 i - 26 stones (quivered)
 k - 43 sling bullets
 u - 6 javelins
Armour
 b - a +2 leather armour
 d - a +0 ring mail
 n - a +0 chain mail (worn)
 s - a +0 ring mail
Jewellery
 h - a ring of wizardry (left hand)
Scrolls
 e - a scroll of blinking
 p - a scroll of enchant weapon {unknown}
Comestibles
 c - a bread ration
 f - 2 meat rations
 m - 3 fruits


   Skills:
 + Level 3.5(2.7) Fighting
 + Level 3.2(2.4) Short Blades
 + Level 2.1(1.4) Armour
 + Level 1.1(0.4) Dodging


You had 2 spell levels left.
You didn't know any spells.

Dungeon Overview and Level Annotations

Branches:
Dungeon (4/15)
 Temple: D:4-7

Altars:

Annotations:
D:3 barakagiga's ghost, amateur CeSk


Innate Abilities, Weirdness & Mutations

You have a pair of small horns on your head.
You are immune to rotting.


Message History

Barakagiga's ghost hits you.
The orc hits you with a flail of draining.
* * * LOW HITPOINT WARNING * * *
You feel drained.
* * * LOW HITPOINT WARNING * * *
The adder bites you.
* * * LOW HITPOINT WARNING * * *
You are poisoned.
The adder poisons you!
You climb downwards.
You feel sick.
There is a stone staircase leading up here.
The orc hits you but does no damage.
You feel drained.
Eat which item? (? for menu, Esc to quit)
Okay, then.
Drink which item? (? for menu, Esc to quit)
It was a potion of magic.
Magic courses through your body. The adder bites you.
* * * LOW HITPOINT WARNING * * *
* * * LOW HITPOINT WARNING * * *
You feel sick. The adder bites you.
You die...

### #..
#.# #.#
#.# #.#
####.#####
#.@So....#
#.##.###.#
#. #.# #.
#.# #. ..#
[. ... #.
... ......


You could see an adder and an orc.

Vanquished Creatures
  2 adders
  A dart slug (D:1)
  A giant gecko (D:1)
  5 goblins
  4 hobgoblins
  3 kobolds
  2 bats (D:1)
  A giant newt (D:1)
  A rat (D:1)
20 creatures vanquished.

Notes
Turn   | Place    | Note
--------------------------------------------------------------
     0 | D:1      | SpecialPurpose the Demonspawn Chaos Knight began the quest for the Orb.
     0 | D:1      | Reached XP level 1. HP: 18/18 MP: 1/1
   199 | D:1      | Gained mutation: You have a pair of small horns on your head. [demonic ancestry]
   199 | D:1      | Reached XP level 2. HP: 19/24 MP: 2/2
   436 | D:1      | XOM: silly message
   437 | D:1      | Reached skill level 1 in Dodging
   579 | D:1      | Gained mutation: You are immune to rotting. [demonic ancestry]
   579 | D:1      | Reached XP level 3. HP: 25/29 MP: 3/3
   609 | D:2      | XOM: harmless Hex miscast
   683 | D:2      | XOM: cast spell 'Confusing Touch'
   693 | D:2      | XOM: divination: magic mapping
   746 | D:3      | XOM: chaos upgrade
   749 | D:3      | Noticed barakagiga's ghost (amateur CeSk)
   756 | D:4      | Slain by an adder

Skill      XL: |  1  2 |
---------------+-------+-----
Armour         | 2 |  2.1
Short Blades   | 3 |  3.2
Dodging        | 1 |  1.1
Fighting       | |  3.5

Action                   || total
-------------------------++-------
Melee: Short sword       ||    63
       Headbutt          ||     5
  Use: Scroll            ||     3
       Potion            ||     1
Armor: Ring mail         ||    12
       Chain mail        ||    36
Dodge: Dodged            ||    32
